Map: Chain of Ascension

Players

MattBarry

  • Race: Protoss Protoss
  • Spawn Location: 11:00

MattBarry

  • Race: Zerg Zerg

VOD

Have the link to the VOD?

Description

Time

  • Played on: Jan. 2, 2023, 11:40 p.m.
  • Length: 26:42
Show
View Real Time Build Order
Export as new Build Order

MattBarry Protoss 

Build Orders:  

Get SALT Encoding   

  12  0:02  Probe (Chrono Boost)  
  13  0:16  Probe (Chrono Boost)  
  14  0:27  Pylon  
  14  0:30  Probe (Chrono Boost)  
  15  0:52  Probe (Chrono Boost)  
  15  0:53  Gateway  
  16  1:06  Probe (Chrono Boost)  
  16  1:09  Assimilator  
  17  1:19  Probe (Chrono Boost)  
  18  1:27  Gateway  
  18  1:32  Probe (Chrono Boost)  
  19  1:41  Dark Pylon  
  19  1:47  Probe (Chrono Boost)  
  20  1:59  Cybernetics Core  
  20  2:00  Centurion  
  20  2:04  Probe (Chrono Boost)  
  23  2:20  Assimilator  
  23  2:39  Centurion x2  
  27  2:50  Warp Gate, Pylon  
  27  3:07  Forge  
  27  3:18  Stalker x2  
  31  3:29  Dark Pylon  
  31  4:16  Gateway  
  31  4:17  Gateway  
  31  4:18  Pylon  
  31  4:21  Protoss Ground Weapons Level 1  
  31  4:39  Dark Pylon  
  31  4:45  Stalker x2  
  35  4:52  Probe (Chrono Boost)  
  35  4:59  Forge  
  34  5:21  Centurion x2  
  38  5:36  Centurion  
  38  5:37  Centurion  
  42  5:44  Protoss Ground Armor Level 1  
  42  5:54  Stalker x2  
  46  6:05  Stalker  
  46  6:06  Stalker  
  50  6:17  Pylon  
  50  6:27  Twilight Council  
  36  7:07  Stalker x4  
  38  7:49  Protoss Ground Weapons Level 2  
  36  8:01  Stalker x4  
  36  8:07  Dark Shrine  
  44  8:57  Dark Pylon  
  42  9:17  Nexus  
  42  9:21  Photon Cannon  
  42  9:26  Stalker  
  42  9:27  Stalker  
  46  9:43  Stalker  
  48  9:50  Blink  
  48  10:29  Dark Pylon  
  48  10:35  Centurion x4  
  56  10:55  Phase Reactor  
  56  11:02  Probe (Chrono Boost)  
  56  11:06  Probe (Chrono Boost)  
  58  11:11  Argus Crystal  
  58  11:15  Probe (Chrono Boost)  
  60  11:20  Centurion  
  60  11:23  Probe (Chrono Boost)  
  62  11:44  Dark Pylon  
  62  12:10  Mind Control  
  62  12:14  Protoss Ground Weapons Level 3  
  62  12:23  Protoss Ground Armor Level 2  
  62  12:38  Centurion x2  
  62  12:39  Centurion x2  
  70  12:41  Probe (Chrono Boost)  
  70  12:45  Probe (Chrono Boost)  
  70  12:49  Assimilator  
  72  12:55  Assimilator, Probe (Chrono Boost)  
  74  13:02  Probe (Chrono Boost)  
  75  13:12  Probe (Chrono Boost)  
  75  13:13  Shadow Charge  
  75  13:19  Centurion x4, Probe (Chrono Boost)  
  82  13:35  Dark Pylon  
  82  14:12  Centurion x4  
  90  14:27  Darkcoil  
  90  14:31  Shadow Fury  
  90  14:48  Pylon x2  
  90  14:50  Pylon  
  90  14:57  Gateway  
  90  14:58  Gateway  
  90  15:00  Gateway  
  90  15:10  Gateway  
  90  15:15  Centurion x3  
  90  15:16  Centurion  
  98  15:44  Stalker x2  
  98  15:45  Stalker x2  
  92  16:46  Dark Pylon  
  92  17:03  Stalker x4  
  92  17:04  Stalker x3  
  92  17:05  Stalker  
  94  17:38  Centurion x6  
  94  17:39  Centurion x2  
  80  18:21  Stalker x2  
  80  18:22  Stalker x5  
  80  18:23  Stalker  
  96  18:44  Protoss Ground Armor Level 3  
  96  18:58  Protoss Shields Level 1  
  94  19:12  Dark Archon x2  
  94  19:13  Dark Archon  
  94  19:15  Dark Archon x2  
  94  19:18  Centurion x3  
  122  19:41  Probe x2 (Chrono Boost)  
  122  19:47  Dark Pylon  
  122  19:53  Pylon  
  122  19:54  Pylon  
  122  19:55  Pylon  
  122  19:57  Probe (Chrono Boost)  
  122  19:58  Probe (Chrono Boost)  
  124  20:14  Probe (Chrono Boost)  
  124  20:15  Probe (Chrono Boost)  
  127  20:31  Probe (Chrono Boost)  
  121  21:26  Dark Archon  
  121  21:27  Dark Archon x2  
  121  21:29  Centurion x2  
  137  21:30  Centurion x3  
  137  22:32  Dark Archon x2  
  137  22:36  Centurion x5  
  137  22:37  Centurion  
  157  22:49  Pylon x2  
  157  22:51  Pylon  
  157  22:53  Pylon  
  157  22:54  Pylon x2  
  157  23:27  Dark Pylon  
  165  24:23  Centurion  
  167  24:36  Dark Archon x2  
  167  24:37  Dark Archon x2  
  157  25:42  Dark Archon  
  157  25:45  Dark Archon  
  157  25:46  Centurion  
  157  25:47  Centurion x5  
Show
View Real Time Build Order
Export as new Build Order

MattBarry Zerg 

Build Orders:  

Get SALT Encoding   

  18  0:03  Primal Drone  
  19  0:12  Primal Drone  
  19  0:18  Primal Drone  
  21  0:25  Primal Drone  
  22  0:48  Primal Warden  
  23  0:52  Primal Drone  
  23  0:57  Primal Drone  
  25  1:11  Extractor  
  25  1:12  Primal Drone  
  26  1:30  Primal Drone  
  26  1:39  Primal Drone  
  28  1:54  Extractor  
  28  2:12  Primal Warden  
  28  2:13  Primal Drone  
  28  2:15  Primal Drone  
  31  2:30  Primal Drone  
  32  2:44  Glevig's Den  
  32  2:46  Primal Drone  
  32  2:59  Primal Drone  
  33  3:04  Primal Zergling x2  
  33  3:06  Primal Zergling x3  
  38  3:15  Primal Drone  
  39  3:29  Primal Attacks Level 1  
  39  3:47  Primal Drone  
  39  3:48  Primal Drone  
  37  4:40  Primal Roach x4  
  37  4:41  Primal Roach  
  37  4:42  Primal Roach  
  37  4:43  Primal Drone x3  
  52  4:50  Murvar's Den  
  52  4:51  Primal Drone  
  50  5:46  Primal Warden  
  50  5:48  Primal Warden  
  50  5:54  Primal Roach x3  
  50  5:55  Primal Roach x3  
  50  5:57  Primal Warden  
  50  5:59  Primal Warden  
  64  6:02  Primal Drone x2  
  64  6:05  Primal Drone  
  53  6:37  Primal Drone  
  53  6:38  Primal Drone x2  
  54  7:23  Primal Roach  
  54  7:24  Primal Roach x4  
  54  7:25  Primal Roach x2  
  54  7:26  Primal Roach x3  
  72  8:24  Primal Hive  
  77  8:51  Primal Drone x3  
  77  8:52  Primal Drone  
  77  8:53  Primal Drone  
  77  8:55  Primal Attacks Level 2  
  82  9:35  Glial Reconstitution  
  82  9:38  Primal Swarm Host  
  82  9:39  Primal Swarm Host x5  
  98  10:44  Primal Roach  
  98  10:45  Primal Roach x10  
  98  10:49  Primal Drone  
  120  10:50  Primal Drone  
  120  10:57  Primal Drone  
  120  10:59  Primal Drone  
  123  12:08  Extractor  
  123  12:09  Extractor  
  123  12:12  Primal Carapace Level 1  
  123  12:15  Primal Attacks Level 3  
  123  12:39  Primal Igniter x4  
  119  12:40  Primal Igniter x3  
  119  12:41  Primal Igniter x5  
  119  12:49  Concentrated Fire  
  116  13:36  Primal Wurm  
  116  13:38  Primal Wurm  
  116  13:39  Primal Wurm  
  116  13:40  Primal Wurm  
  116  13:45  Primal Wurm  
  116  14:02  Primal Drone x5  
  116  14:03  Primal Drone x3  
  116  14:04  Primal Drone x2  
  126  14:26  Explosive Spores  
  126  14:27  Dakrun's Den  
  125  14:33  Primal Swarm Host  
  128  14:51  Primal Drone x3  
  131  15:04  Primal Warden  
  131  15:07  Primal Warden  
  131  15:08  Primal Warden  
  134  15:26  Primordial Fury  
  134  15:57  Primal Hydralisk  
  134  15:58  Primal Hydralisk x7  
  150  16:04  Primal Drone x3  
  153  17:06  Muscular Augments  
  153  17:33  Slicing Glave  
  153  17:43  Primal Hydralisk  
  153  17:44  Primal Hydralisk x11  
  177  18:33  Primal Reconstitution  
  177  18:37  Primal Mutalisk  
  177  18:38  Primal Mutalisk x4  
  171  18:40  Primal Mutalisk  
  168  19:13  Primal Drone x4  
  168  19:14  Primal Drone  
  168  19:15  Primal Drone  
  174  19:49  Primal Hydralisk x3  
  180  19:50  Primal Hydralisk x4  
  180  19:51  Primal Hydralisk x3  
  180  19:52  Primal Hydralisk  
  180  19:53  Primal Hydralisk  
  180  19:54  Primal Hydralisk  
  200  20:03  Shifting Carapace  
  200  20:26  Primal Mutalisk x2  
  200  20:27  Primal Mutalisk x2  
  177  23:53  Primal Hydralisk  
  177  23:54  Primal Hydralisk x7  
  177  23:55  Primal Hydralisk x3  
  199  26:09  Primal Mutalisk  
  198  26:10  Primal Mutalisk x4  
  198  26:11  Primal Mutalisk  
Tags
 
Add a new tag
Caveats
  • Supply blocks, unpowered buildings, or Contaminate may cause inaccurate times.
  • Supply counts are checked every 10 seconds.